 Dungeon Crawl Stone Soup version 0.18-a0-1778-gadce9fa (webtiles) character file.

40 Zhenya25pyc the Covered (level 3, -5/23 HPs)
             Began as a Gargoyle Fighter on Apr 16, 2016.
             Was an Initiate of Okawaru.
             Slain by Sigmund
             ... wielding a +0 scythe
              (6 damage)
             ... on level 2 of the Dungeon.
             The game lasted 00:02:33 (1148 turns).

Zhenya25pyc the Covered (Gargoyle Fighter)          Turns: 1148, Time: 00:02:34

Health: -5/23      AC: 11    Str: 20    XL:     3   Next: 50%
Magic:  3/3        EV:  7    Int:  8    God:    Okawaru [......]
Gold:   32         SH:  9    Dex:  9    Spells: 0 memorised, 2 levels left

rFire  . . .     SeeInvis .     a - +0 flail
rCold  . . .     Gourm    .     b - +0 scale mail
rNeg   + . .     Faith    .     c - +0 shield
rPois  ∞         Spirit   .     h - +0 helmet
rElec  +         Dismiss  .     (no cloak)
rCorr  .         Reflect  .     (no gloves)
SustAt .         Harm     .     (no boots)
MR     .....                    (no amulet)
Stlth  ..........               (no ring)
                                (no ring)

@: not resistant to hostile enchantments, extremely unstealthy
A: negative energy resistance 1, electricity resistance, unbreathing,
petrification resistance, rot immunity, AC +3
a: Renounce Religion


You were on level 2 of the Dungeon.
You worshipped Okawaru.
Okawaru was noncommittal.
You were hungry.

You visited 1 branch of the dungeon, and saw 2 of its levels.

You collected 32 gold pieces.

Inventory:

Hand Weapons
 a - a +0 flail (weapon)
Armour
 b - a +0 scale mail (worn)
 c - a +0 shield (worn)
 h - a +0 helmet (worn)
Scrolls
 e - 2 scrolls of identify {unknown}
 k - a scroll of fog {unknown}
Potions
 d - a potion of might
 g - 2 potions of degeneration {unknown}
 i - a potion of curing {unknown}
 j - a potion of agility {unknown}
Comestibles
 f - 2 bread rations


   Skills:
 + Level 3.5 Fighting
 * Level 2.7 Maces & Flails
 + Level 4.1 Armour
 - Level 3.2 Shields


You had 2 spell levels left.
You didn't know any spells.

Dungeon Overview and Level Annotations

Branches:
Dungeon (2/15)

Altars:
Okawaru

Annotations:
D:2 Sigmund


Innate Abilities, Weirdness & Mutations

You are resistant to torment.
Your stone body is resilient (AC +3).
You are immune to poison.
You resist negative energy.
You are resistant to electric shocks.
You can survive without breathing.
You are immune to petrification.
You are immune to rotting.


Message History

You're too confused to attack without stumbling around!
You're too confused to attack without stumbling around!
You're too confused to attack without stumbling around!
You're too confused to attack without stumbling around!
Something hits you but does no damage.
There is a stone staircase leading up here.
You hear some strange, mumbled words.
Something tries to affect you, but you resist.
You see here a club.
You feel less confused. Something hits you but does no damage.
You hear some strange, mumbled words.
A magic dart appears from out of thin air!
The magic dart hits you!
* * * LOW HITPOINT WARNING * * *
Your shield and scale mail prevent you from hitting something.
Something hits you but does no damage.
Unknown command.
You closely miss something. Something hits you.
You die...

######
###....#######
#...#?.......#
#<.)......#
###.........#
#...@.......#
...[.##........#
...###
#.?......# ..
.........#
#.........#
..........#
##########.# .#


There were no monsters in sight!

Vanquished Creatures
  A gnoll (D:1)
  An ooze (D:2)
  A dart slug (D:1)
  2 bats (D:1)
  3 giant cockroaches
  3 goblins (D:1)
  5 hobgoblins
  2 kobolds (D:1)
  4 rats (D:1)
22 creatures vanquished.

Notes
Turn   | Place    | Note
--------------------------------------------------------------
     0 | D:1      | Zhenya25pyc the Gargoyle Fighter began the quest for the Orb.
     0 | D:1      | Reached XP level 1. HP: 14/14 MP: 1/1
   157 | D:1      | Found an iron altar of Okawaru.
   169 | D:1      | Became a worshipper of Warmaster Okawaru
   200 | D:1      | Reached XP level 2. HP: 19/19 MP: 2/2
   402 | D:1      | Reached skill level 4 in Armour
   543 | D:1      | Reached XP level 3. HP: 10/23 MP: 3/3
   892 | D:2      | Noticed Sigmund
  1146 | D:2      | HP: 1/23 [something/magic dart (7)]
  1148 | D:2      | Slain by Sigmund

Vault maps used:
D:1:      minmay_arrival_loop, okawaru_ov_weapons_minmay
D:2:      first_bread, uniq_sigmund, uniq_crazy_yiuf_cottage

Skill      XL: |  1  2 |
---------------+-------+-----
Armour         | 4 |  4.1
Fighting       | |  3.5
Maces & Flails | |  2.7
Shields        | |  3.2

Action                   || total
-------------------------++-------
Melee: Flail             ||    89
Armor: Scale mail        ||    45
Dodge: Dodged            ||    23
Block: Shield            ||    44
